Workbook
Name Region: [1]Cotizador!$D$9

Sheet COTIZACION STANDAR CCE 2023 EN
A1: ITEM | B1: LUGAR | C1: CIUDAD UBICACIÓN | D1: SIGLA IATA | E1: TIPO DE PRODUCTO TIPO DE COMBUSTIBLE | F1: TIPO DE SUMINISTRO MODALIDAD DE ENTREGA | G1: GALONES REQUERIDOS | P1: MARGEN DE COMERCIALIZACIÓN | Q1: VALOR UNITARIO DEL GLN DE COMBUSTIBLE | R1: VALOR ESTIMADO TOTAL
H2: ECOPETROL USD SEMANA DEL 01/02/2023 AL 07/02/2023 | K2: TRM SEMANA DEL | L2: TRANSPORTE CENIT | N2: COSTO $ | O2: IMPUESTO AL CARBONO
K3: 25-01-2023 AL 31-01-2023
H4: IP | I4: IVA 19% | J4: ECOP. USD | K4: $/USD | L4: TERMINAL | M4: PESOS | N4: ECOPETROL
A5: 1 | B5: AEROPUERTO | C5: ARMENIA | D5: AXM | E5: JET-A1 | F5: AL ALA | G5: 2379 | H5: 3.79838 | I5: 0.7216922 | J5: =H5+I5 -> 4.5200722 | K5: 4556.3286 | L5: YUMBO | M5: 513.67 | N5: =K5*J5 -> 20594.934 | O5: 230.52 | P5: 12500 | Q5: =P5+O5+N5+M5 -> 33839.124 | R5: =Q5*G5 -> 80503276
A6: 2 | B6: AEROPUERTO | C6: BUENAVENTURA | D6: BUN | E6: JET-A1 | F6: AL ALA | G6: 4837 | H6: 3.79838 | I6: 0.7216922 | J6: =H6+I6 -> 4.5200722 | K6: 4556.3286 | L6: YUMBO | M6: 513.67 | N6: =K6*J6 -> 20594.934 | O6: 230.52 | P6: 14000 | Q6: =P6+O6+N6+M6 -> 35339.124 | R6: =Q6*G6 -> 1.7093534e+08
A7: 3 | B7: AEROPUERTO | C7: COROZAL | D7: CZU | E7: JET-A1 | F7: AL ALA | G7: 9119 | H7: 3.79838 | I7: 0.7216922 | J7: =H7+I7 -> 4.5200722 | K7: 4556.3286 | L7: MAMONAL | M7: 93.66 | N7: =K7*J7 -> 20594.934 | O7: 230.52 | P7: 13500 | Q7: =P7+O7+N7+M7 -> 34419.114 | R7: =Q7*G7 -> 3.138679e+08
A8: 4 | B8: AEROPUERTO | C8: FLORENCIA | D8: FLA | E8: JET-A1 | F8: AL ALA | G8: 22370 | H8: 3.79838 | I8: 0.7216922 | J8: =H8+I8 -> 4.5200722 | K8: 4556.3286 | L8: PUENTE ARANDA | M8: 457.86 | N8: =K8*J8 -> 20594.934 | O8: 230.52 | P8: 12500 | Q8: =P8+O8+N8+M8 -> 33783.314 | R8: =Q8*G8 -> 7.5573274e+08
A9: 5 | B9: AEROPUERTO | C9: IBAGUE | D9: IBE | E9: JET-A1 | F9: AL ALA | G9: 2332 | H9: 3.79838 | I9: 0.7216922 | J9: =H9+I9 -> 4.5200722 | K9: 4556.3286 | L9: PUENTE ARANDA | M9: 457.86 | N9: =K9*J9 -> 20594.934 | O9: 230.52 | P9: 12500 | Q9: =P9+O9+N9+M9 -> 33783.314 | R9: =Q9*G9 -> 78782689
A10: 6 | B10: AEROPUERTO | C10: MANIZALES | D10: MZL | E10: JET-A1 | F10: AL ALA | G10: 90 | H10: 3.79838 | I10: 0.7216922 | J10: =H10+I10 -> 4.5200722 | K10: 4556.3286 | L10: YUMBO | M10: 513.67 | N10: =K10*J10 -> 20594.934 | O10: 230.52 | P10: 13500 | Q10: =P10+O10+N10+M10 -> 34839.124 | R10: =Q10*G10 -> 3135521.2
A11: 7 | B11: AEROPUERTO | C11: POPAYAN | D11: PPN | E11: JET-A1 | F11: AL ALA | G11: 15765 | H11: 3.79838 | I11: 0.7216922 | J11: =H11+I11 -> 4.5200722 | K11: 4556.3286 | L11: YUMBO | M11: 513.67 | N11: =K11*J11 -> 20594.934 | O11: 230.52 | P11: 14500 | Q11: =P11+O11+N11+M11 -> 35839.124 | R11: =Q11*G11 -> 5.6500379e+08
A12: 8 | B12: AEROPUERTO | C12: QUIBDO | D12: UIB | E12: JET-A1 | F12: AL ALA | G12: 27581 | H12: 3.79838 | I12: 0.7216922 | J12: =H12+I12 -> 4.5200722 | K12: 4556.3286 | L12: YUMBO | M12: 513.67 | N12: =K12*J12 -> 20594.934 | O12: 230.52 | P12: 15000 | Q12: =P12+O12+N12+M12 -> 36339.124 | R12: =Q12*G12 -> 1.0022694e+09
A13: 10 | B13: AEROPUERTO | C13: IBAGUE | D13: IBE | E13: AV-GAS | F13: AL ALA | G13: 1000 | H13: 16968 | I13: 3223.92 | J13: =H13+I13 -> 20191.92 | K13: 1 | L13: BARRANCABERMEJA | M13: 0 | N13: =K13*J13 -> 20191.92 | O13: 0 | P13: 13500 | Q13: =P13+O13+N13+M13 -> 33691.92 | R13: =Q13*G13 -> 33691920
A14: 11 | B14: AEROPUERTO | C14: BARRANQUILLA | D14: BAQ | E14: AV-GAS | F14: AL ALA | G14: 1000 | H14: 16968 | I14: 3223.92 | J14: =H14+I14 -> 20191.92 | K14: 1 | L14: BARRANCABERMEJA | M14: 0 | N14: =K14*J14 -> 20191.92 | O14: 0 | P14: 5000 | Q14: =P14+O14+N14+M14 -> 25191.92 | R14: =Q14*G14 -> 25191920
G15: =SUM(G5:G14) -> 86473 | R15: =SUM(R5:R14) -> 3.0291145e+09
C18: EL CLIENTE pagará el valor facturado de acuerdo con los servicios efectivamente prestados, según precios semanales en dólares del Ministerio de Minas publicados en página de ECOPÉTROL, con cambio a la Tasa Representativa del mercado del día del suministro, más costo poliducto en pesos según tabla CENIT y ECOPETROL, impuesto al carbono en pesos y un margen de comercialización fijo en pesos dado por los diferentes puntos de suministro. *** de existir importación de combustible por parte de Ecopetrol o pagos de fletes adicionales entre refinerías, estos deben ser asumidos por el cliente /FAC Pprevio certificado por el mayoristas; una vez publicados dichos costos por Ecopetrol y las certificaciones correspondientes del mayorista, el cliente/FAC pagara en su totalidad el flete de internacion causado en proporcion al producto transportado por poliducto y/o transporte terrestre, como a su vez el valor publicado por IP y IVA del producto importado

Sheet OFERTA ECONOMICA
A1: FUERZAS MILITARES DE COLOMBIA
A6: FUERZA AÈREA DE COLOMBIA
A7: ANEXO - OFERTA ECONOMICA
G10: $ DISPOSICION LEGAL | R10: OFERENTE | V10: =A6 -> FUERZA AÈREA DE COLOMBIA
A11: Item | B11: Unidad Militar Aérea | C11: Ubicación Geográfica y Dirección | D11: Lugar Entrega del Producto | E11: Sigla | F11: Via de Ingreso | G11: $ Valor Base Galon (MINMINAS) | H11: Cabotaje a San Andrés Islas | I11: Manejo y operación Muelle | J11: Poliducto | K11: Tarifa de Marcación | L11: Tarifa de Biodiésel | M11: Impuesto Nacional a la Gasolina | N11: Impuesto al Carbono | O11: Margen Mayorista | P11: Valor Sobretasa | Q11: Soldicom | R11: Valor flete | S11: Costo Manejo (Margen comercializador industial) | T11: $ Valor Total Galon | V11: GALONES REQUERIDOS | W11: VALOR ESTIMADO TOTAL
G12: JETA-1 | H12: JETA-1 | I12: JETA-1 | J12: JETA-1 | K12: JETA-1 | L12: JETA-1 | M12: JETA-1 | N12: JETA-1 | O12: JETA-1 | P12: JETA-1 | Q12: JETA-1 | R12: JETA-1 | S12: JETA-1 | T12: JETA-1
A13: 1 | B13: AEROPUERTO | C13: ARMENIA | D13: ALA | E13: AXM | F13: TERRESTRE | G13: ='COTIZACION STANDAR CCE 2023 EN'!J5*'COTIZACION STANDAR CCE 2023 EN'!K5 -> 20594.934 | H13: 0 | I13: 0 | J13: ='COTIZACION STANDAR CCE 2023 EN'!M5 -> 513.67 | K13: 0 | L13: 0 | M13: 0 | N13: ='COTIZACION STANDAR CCE 2023 EN'!O5 -> 230.52 | O13: 0 | P13: 0 | Q13: 0 | R13: 0 | S13: ='COTIZACION STANDAR CCE 2023 EN'!P5 -> 12500 | T13: =SUM(G13:S13) -> 33839.124 | V13: ='COTIZACION STANDAR CCE 2023 EN'!G5 -> 2379 | W13: =V13*T13 -> 80503276
A14: 2 | B14: AEROPUERTO | C14: BUENAVENTURA | D14: ALA | E14: BUN | F14: TERRESTRE | G14: ='COTIZACION STANDAR CCE 2023 EN'!J6*'COTIZACION STANDAR CCE 2023 EN'!K6 -> 20594.934 | H14: 0 | I14: 0 | J14: ='COTIZACION STANDAR CCE 2023 EN'!M6 -> 513.67 | K14: 0 | L14: 0 | M14: 0 | N14: ='COTIZACION STANDAR CCE 2023 EN'!O6 -> 230.52 | O14: 0 | P14: 0 | Q14: 0 | R14: 0 | S14: ='COTIZACION STANDAR CCE 2023 EN'!P6 -> 14000 | T14: =SUM(G14:S14) -> 35339.124 | V14: ='COTIZACION STANDAR CCE 2023 EN'!G6 -> 4837 | W14: =V14*T14 -> 1.7093534e+08
A15: 3 | B15: AEROPUERTO | C15: COROZAL | D15: ALA | E15: CZU | F15: TERRESTRE | G15: ='COTIZACION STANDAR CCE 2023 EN'!J7*'COTIZACION STANDAR CCE 2023 EN'!K7 -> 20594.934 | H15: 0 | I15: 0 | J15: ='COTIZACION STANDAR CCE 2023 EN'!M7 -> 93.66 | K15: 0 | L15: 0 | M15: 0 | N15: ='COTIZACION STANDAR CCE 2023 EN'!O7 -> 230.52 | O15: 0 | P15: 0 | Q15: 0 | R15: 0 | S15: ='COTIZACION STANDAR CCE 2023 EN'!P7 -> 13500 | T15: =SUM(G15:S15) -> 34419.114 | V15: ='COTIZACION STANDAR CCE 2023 EN'!G7 -> 9119 | W15: =V15*T15 -> 3.138679e+08
A16: 4 | B16: AEROPUERTO | C16: FLORENCIA | D16: ALA | E16: FLA | F16: TERRESTRE | G16: ='COTIZACION STANDAR CCE 2023 EN'!J8*'COTIZACION STANDAR CCE 2023 EN'!K8 -> 20594.934 | H16: 0 | I16: 0 | J16: ='COTIZACION STANDAR CCE 2023 EN'!M8 -> 457.86 | K16: 0 | L16: 0 | M16: 0 | N16: ='COTIZACION STANDAR CCE 2023 EN'!O8 -> 230.52 | O16: 0 | P16: 0 | Q16: 0 | R16: 0 | S16: ='COTIZACION STANDAR CCE 2023 EN'!P8 -> 12500 | T16: =SUM(G16:S16) -> 33783.314 | V16: ='COTIZACION STANDAR CCE 2023 EN'!G8 -> 22370 | W16: =V16*T16 -> 7.5573274e+08
A17: 5 | B17: AEROPUERTO | C17: IBAGUE | D17: ALA | E17: IBE | F17: TERRESTRE | G17: ='COTIZACION STANDAR CCE 2023 EN'!J9*'COTIZACION STANDAR CCE 2023 EN'!K9 -> 20594.934 | H17: 0 | I17: 0 | J17: ='COTIZACION STANDAR CCE 2023 EN'!M9 -> 457.86 | K17: 0 | L17: 0 | M17: 0 | N17: ='COTIZACION STANDAR CCE 2023 EN'!O9 -> 230.52 | O17: 0 | P17: 0 | Q17: 0 | R17: 0 | S17: ='COTIZACION STANDAR CCE 2023 EN'!P9 -> 12500 | T17: =SUM(G17:S17) -> 33783.314 | V17: ='COTIZACION STANDAR CCE 2023 EN'!G9 -> 2332 | W17: =V17*T17 -> 78782689
A18: 6 | B18: AEROPUERTO | C18: MANIZALES | D18: ALA | E18: MZL | F18: TERRESTRE | G18: ='COTIZACION STANDAR CCE 2023 EN'!J10*'COTIZACION STANDAR CCE 2023 EN'!K10 -> 20594.934 | H18: 0 | I18: 0 | J18: ='COTIZACION STANDAR CCE 2023 EN'!M10 -> 513.67 | K18: 0 | L18: 0 | M18: 0 | N18: ='COTIZACION STANDAR CCE 2023 EN'!O10 -> 230.52 | O18: 0 | P18: 0 | Q18: 0 | R18: 0 | S18: ='COTIZACION STANDAR CCE 2023 EN'!P10 -> 13500 | T18: =SUM(G18:S18) -> 34839.124 | V18: ='COTIZACION STANDAR CCE 2023 EN'!G10 -> 90 | W18: =V18*T18 -> 3135521.2
A19: 7 | B19: AEROPUERTO | C19: POPAYAN | D19: ALA | E19: PPN | F19: TERRESTRE | G19: ='COTIZACION STANDAR CCE 2023 EN'!J11*'COTIZACION STANDAR CCE 2023 EN'!K11 -> 20594.934 | H19: 0 | I19: 0 | J19: ='COTIZACION STANDAR CCE 2023 EN'!M11 -> 513.67 | K19: 0 | L19: 0 | M19: 0 | N19: ='COTIZACION STANDAR CCE 2023 EN'!O11 -> 230.52 | O19: 0 | P19: 0 | Q19: 0 | R19: 0 | S19: ='COTIZACION STANDAR CCE 2023 EN'!P11 -> 14500 | T19: =SUM(G19:S19) -> 35839.124 | V19: ='COTIZACION STANDAR CCE 2023 EN'!G11 -> 15765 | W19: =V19*T19 -> 5.6500379e+08
A20: 8 | B20: AEROPUERTO | C20: QUIBDO | D20: ALA | E20: UIB | F20: TERRESTRE | G20: ='COTIZACION STANDAR CCE 2023 EN'!J12*'COTIZACION STANDAR CCE 2023 EN'!K12 -> 20594.934 | H20: 0 | I20: 0 | J20: ='COTIZACION STANDAR CCE 2023 EN'!M12 -> 513.67 | K20: 0 | L20: 0 | M20: 0 | N20: ='COTIZACION STANDAR CCE 2023 EN'!O12 -> 230.52 | O20: 0 | P20: 0 | Q20: 0 | R20: 0 | S20: ='COTIZACION STANDAR CCE 2023 EN'!P12 -> 15000 | T20: =SUM(G20:S20) -> 36339.124 | V20: ='COTIZACION STANDAR CCE 2023 EN'!G12 -> 27581 | W20: =V20*T20 -> 1.0022694e+09
G21: AVGAS | H21: AVGAS | I21: AVGAS | J21: AVGAS | K21: AVGAS | L21: AVGAS | M21: AVGAS | N21: AVGAS | O21: AVGAS | P21: AVGAS | Q21: AVGAS | R21: AVGAS | S21: AVGAS | T21: AVGAS | V21: AVGAS | W21: AVGAS
A22: 10 | B22: AEROPUERTO | C22: IBAGUE | D22: ALA | E22: IBE | F22: TERRESTRE | G22: ='COTIZACION STANDAR CCE 2023 EN'!H13 -> 16968 | H22: 0 | I22: 0 | J22: ='COTIZACION STANDAR CCE 2023 EN'!M13 -> 0 | K22: 0 | L22: 0 | M22: ='COTIZACION STANDAR CCE 2023 EN'!I13 -> 3223.92 | N22: ='COTIZACION STANDAR CCE 2023 EN'!O13 -> 0 | O22: 0 | P22: 0 | Q22: 0 | R22: 0 | S22: ='COTIZACION STANDAR CCE 2023 EN'!P13 -> 13500 | T22: =SUM(G22:S22) -> 33691.92 | V22: ='COTIZACION STANDAR CCE 2023 EN'!G13 -> 1000 | W22: =V22*T22 -> 33691920
A23: 11 | B23: AEROPUERTO | C23: BARRANQUILLA | D23: ALA | E23: BAQ | F23: TERRESTRE | G23: 16968 | H23: 0 | I23: 0 | J23: ='COTIZACION STANDAR CCE 2023 EN'!M14 -> 0 | K23: 0 | L23: 0 | M23: ='COTIZACION STANDAR CCE 2023 EN'!I14 -> 3223.92 | N23: ='COTIZACION STANDAR CCE 2023 EN'!O14 -> 0 | O23: 0 | P23: 0 | Q23: 0 | R23: 0 | S23: ='COTIZACION STANDAR CCE 2023 EN'!P14 -> 5000 | T23: =SUM(G23:S23) -> 25191.92 | V23: 1000 | W23: =V23*T23 -> 25191920
V25: =V13+V14+V15+V16+V17+V18+V19+V20+V22+V23 -> 86473 | W25: =W13+W14+W15+W16+W17+W18+W19+W20+W22+W23 -> 3.0291145e+09
A26: Nota 1: El precio del Galon del combustible por mes sera el establecido por el Gobierno Nacional a traves del Ministerio de Minas y Energia, por lo cual el Oferente debera allegar copia de la resolucion que lo establezca.
A27: Nota 2: La oferta económica presentada debe incluir el valor de la Sobretasa, Flete y todos los costos directos e indirectos que se ocasionen por el hecho de la suscripción, ejecución y terminación del contrato de acuerdo a las leyes vigentes; en caso de estar excluido o exento de impuesto alguno de los componentes o factores que tengan relacion directa con el precio del suministro de combustible para cada item se debera indicar y citar la norma pertinente.
A28: Nota 3: Teniendo en cuenta que según el comportamiento económico del mercado los precios del combustible fluctúan, el costo de manejo final OFERTADO, se aplicará dentro de la formula del precio total del galon de ACPM en el contrato, durante el tiempo de ejecución del mismo.
A29: Nota 4: Los valores de los galones ofertados por los proponentes deben ser presentados sin decimales y con valores enteros.
A30: Nota 5: En las x se deben diligenciar los PRECIOS (VALOR BASE GALON y VALOR TOTAL GALON) que corresponden a cada tipo de combustible a suministrar para cada punto.
A31: *El oferente debe anexar certificacion de carbono neutro si se encuentra contenido dentro del combustible ofertado, Ello con fundamento en el parágrafo 3 del artículo 221 de la Ley 1819 de 2016, se estableció que el impuesto al carbono no se causa para los sujetos pasivos que certifiquen ser carbono neutro, de acuerdo con la reglamentación que expida el Ministerio de Ambiente Desarrollo Sostenible lo anterior a fin de establecer el precio real del galón. El oferente se obliga a indicar en la facturación el valor que le fué cobrado por concepto de impuesto al carbono, a fin de determinar que corresponda a un traslado y no a un nuevo impuesto.
A33: EL CLIENTE pagará el valor facturado de acuerdo con los servicios efectivamente prestados, según precios semanales en dólares del Ministerio de Minas publicados en página de ECOPÉTROL, con cambio a la Tasa Representativa del mercado del día del suministro, más costo poliducto en pesos según tabla CENIT y ECOPETROL, impuesto al carbono en pesos y un margen de comercialización fijo en pesos dado por los diferentes puntos de suministro. *** de existir importación de combustible por parte de Ecopetrol o pagos de fletes adicionales entre refinerías, estos deben ser asumidos por el cliente /FAC Pprevio certificado por el mayoristas; una vez publicados dichos costos por Ecopetrol y las certificaciones correspondientes del mayorista, el cliente/FAC pagara en su totalidad el flete de internacion causado en proporcion al producto transportado por poliducto y/o transporte terrestre, como a su vez el valor publicado por IP y IVA del producto importado

Sheet ESTRUCTURA PRECIO SAN ANDRES
A3: Item | B3: Detalle | G3: B12 | H3: Consultar información
A4: 1 | B4: Ingresos al producto | H4: https://www.ecopetrol.com.co/wps/portal/Home/multisitios/comercial/es/precios/precios-vigentes/precios-vigentes
A5: 2 | B5: cabotaje Cartagena San Andres* | H5: http://apolo.creg.gov.co/Publicac.nsf/1c09d18d2d5ffb5b05256eee00709c02/9f20b547e702242205257e34007fdef3/$FILE/Creg039-2015.pdf
A6: 3 | B6: Manejo y operación* | H6: http://servicios.minminas.gov.co/minminas/downloads/archivosSoporteRevistas/1895.PDF
A7: 4 | B7: Transporte por poliducto (entregas Cartagena) | H7: https://www.ecopetrol.com.co/wps/portal/Home/multisitios/comercial/es/precios/precios-vigentes/precios-vigentes
A8: 5 | B8: Tarifa de Marcación | H8: https://www.ecopetrol.com.co/wps/portal/Home/multisitios/comercial/es/precios/precios-vigentes/precios-vigentes
A9: 6 | B9: Impuesto Nacional a la Gaolina y ACPM* | H9: https://www.ecopetrol.com.co/wps/portal/Home/multisitios/comercial/es/precios/precios-vigentes/precios-vigentes
A10: 7 | B10: Tarifa biodiesel* | H10: http://www.suin-juriscol.gov.co/viewDocument.asp?ruta=Resolucion/4033520
A11: 8 | B11: Impuesto al carbono | H11: https://www.ecopetrol.com.co/wps/portal/Home/multisitios/comercial/es/precios/precios-vigentes/precios-vigentes
A12: 9 | B12: Margen Mayorista* | H12: http://www.suin-juriscol.gov.co/viewDocument.asp?ruta=Resolucion/4034354
A13: 10 | B13: Sobretasa | H13: https://www.ecopetrol.com.co/wps/portal/Home/multisitios/comercial/es/precios/precios-vigentes/precios-vigentes
A14: 11 | B14: Soldicom* | H14: https://srv-nor.sgc.gov.co/normograma/docs/resolucion_minminas_40222_2015.htm
B15: PRECIO MÁXIMO DE VENTA AL DISTRIBUIDOR MAYORISTA | G15: =SUM(G4:G14) -> 0
A16: 12 | B16: Margen del Distribuidor Minorista | H16: https://community.secop.gov.co/Public/Tendering/PublicMessageDisplay/Index?id=1622249&contractNoticeUniqueIdentifier=&prevCtxUrl=%2fPublic%2fTendering%2fOpportunityDetail%2fIndex%3fPerspective%3dDefault&showDownloadDocument=False&asPopupView=true
A17: 13 | B17: Transporte de la planta de abastecimiento mayorista al punto (flete)
B18: PRECIO DE REFERENCIA DE VENTA AL CONSUMIDOR FINAL | G18: =+G15+G16+G17 -> 0
